 Dungeon Crawl Stone Soup version 0.16-a0-791-gf1c67de (webtiles) character file.

115 RobertPalmer the Ruffian (level 5, -2/48 HPs)
             Began as an Ogre Transmuter on Sept 28, 2014.
             Slain by a giant gecko (4 damage)
             ... on Level 4 of the Dungeon.
             The game lasted 00:09:04 (4610 turns).

RobertPalmer the Ruffian (Ogre Transmuter)          Turns: 4610, Time: 00:09:04

HP  -2/48        AC  4     Str 15      XL: 5   Next:  0%
MP   6/9         EV 10     Int 13      God:
Gold 111         SH  0     Dex 12      Spells:  2 memorised,  5 levels left

rFire  . . .     SeeInvis .     b - 3 arrows
rCold  . . .     Clarity  +     c - +1 robe
rNeg   . . .     rCorr    .     (shield restricted)
rPois  .         rRot     .     (helmet restricted)
rElec  .         Spirit   .     (no cloak)
SustAb .         Warding  .     (gloves unavailable)
rMut   .         Stasis   .     (boots unavailable)
Gourm  .                        u - amulet of clarity
MR     .....                    (no ring)
                                n - ring of flight

@: appendage (expiring), drained, not resistant to hostile enchantments, very
unstealthy
A: unfitting armour, antennae 1, claws 1, talons 3, agile 1, tough skin 1
a: End Transformation, Evoke Flight


You were on level 4 of the Dungeon.
You were hungry.
You had grown temporary talons.
You visited 1 branch of the dungeon, and saw 4 of its levels.

You collected 111 gold pieces.


Innate Abilities, Weirdness & Mutations

You are too large for most types of armour.
You have tough skin (AC +1).
You have a pair of small antennae on your head.
You have sharp fingernails.
You have claws for feet.
You are agile. (Dex +2)


   Skills:
 - Level 1.3(0.9) Fighting
 - Level 1.8(1.3) Dodging
 + Level 5.0(4.4) Unarmed Combat
 - Level 2.4(1.9) Spellcasting
 - Level 1.3(0.9) Transmutations


You had 5 spell levels left.
You knew the following spells:

 Your Spells              Type           Power        Failure   Level  Hunger
z - Beastly Appendage     Trmt           #.....       21%         1    ##.....
Z - Sticks to Snakes      Trmt           #.........   30%         2    ###....

Inventory:

Hand weapons
 a - a +1 whip
 j - a -2 blowgun
Missiles
 b - 3 arrows (in claw)
 g - 14 arrows of flame
 i - a curare-tipped needle
Armour
 c - a +1 robe (worn)
Magical devices
 e - a wand of slowing (4)
 t - a wand of hasting (2) {!d}
Comestibles
 h - a bread ration
 o - 2 fruits
Scrolls
 l - 2 scrolls of identify
 m - a scroll of remove curse
Jewellery
 f - an uncursed ring of ice
 n - a ring of flight (left claw)
 u - an amulet of clarity (around neck)
Books
 d - a book of Changes

Dungeon Overview and Level Annotations

Branches:
Dungeon (4/15)
 Temple: D:4-7

Altars:
Cheibriados
Gozag
Nemelex Xobeh
Yredelemnul
The Shining One

Annotations:
D:3 Grinder, Natasha
D:4 Edmund; RobertPalmer's ghost, average OgTm

.#...##...)..#.#.#
.##.....#.#..#.#.#
.##.>..........#.#
.............###.#
.............# #.#
.............# #.#
.....######..# #.#
####.# #..# #S#
####.# #..# #@#
.....######..# #l#
###..........# #@#
#.#######.## #)#
#.#.......# #.#
#.#.#<.#..# #.#
#.........# #.#
#...#.....# #.#
#...#.....# #.#


You could see Edmund, a giant gecko and a friendly ball python.


Message History

a - a +1 whip (weapon)
The giant gecko bites you.
* * * LOW HITPOINT WARNING * * *
You barely miss the giant gecko. The giant gecko bites you.
* * * LOW HITPOINT WARNING * * *
You closely miss the giant gecko.
The giant gecko bites you but does no damage.
You barely miss the giant gecko. The giant gecko bites you.
* * * LOW HITPOINT WARNING * * *
The giant gecko closely misses you.
You barely miss the giant gecko. The giant gecko barely misses you.
You closely miss the giant gecko. The giant gecko closely misses you.
You miss the giant gecko. The giant gecko misses you.
The giant gecko bites you but does no damage.
You miss the giant gecko. The giant gecko barely misses you.
You completely miss the giant gecko. The giant gecko closely misses you.
You barely miss the giant gecko. The giant gecko bites you.
* * * LOW HITPOINT WARNING * * *
You closely miss the giant gecko. The giant gecko barely misses you.
The giant gecko bites you.
* * * LOW HITPOINT WARNING * * *
Your feet morph into talons.
The giant gecko barely misses you.
You closely miss the giant gecko.
Your transformation is almost over.
The giant gecko bites you.
* * * LOW HITPOINT WARNING * * *
b - 4 arrows (in claw)
The giant gecko misses you.
You create a snake!
The giant gecko bites you.
You die...

Action                   |  1- 3 |  4- 6 || total
-------------------------+-------+-------++-------
Melee: Whip              |   148 |   179 ||   327
       Unarmed           |       |     3 ||     3
 Cast: Beastly Appendage |    20 |     8 ||    28
       Sticks to Snakes  |     2 |     7 ||     9
Evoke: Wand              |       |     5 ||     5
  Use: Scroll            |     3 |     8 ||    11
       Potion            |       |     4 ||     4
 Stab: Confused          |       |     2 ||     2
  Eat: Chunk             |     3 |     5 ||     8
       Meat ration       |       |     1 ||     1
       Fruit             |       |     1 ||     1

Vault maps used:
D:1:      grunt_arrival_lava_bath
D:2:      grunt_temple_overflow_holy_war, grunt_gozag_statues,
          old_standard_altar, interstate_on_off, kennysheep_generic_room_10,
          uniq_iyjb
D:3:      lemuel_coloured_pillars_altar, first_bread, cheibriados_altar_wand_db,
          uniq_grinder, uniq_natasha
D:4:      lemuel_round_altar, hangedman_abyss_or_decor_lesser_grid, uniq_edmund,
          uniq_crazy_yiuf_cottage

Notes
Turn   | Place    | Note
--------------------------------------------------------------
     0 | D:1      | RobertPalmer, the Ogre Transmuter, began the quest for the Orb.
     0 | D:1      | Reached XP level 1. HP: 19/19 MP: 3/3
   202 | D:1      | Reached skill level 3 in Unarmed Combat
   209 | D:1      | Reached XP level 2. HP: 24/27 MP: 3/5
   655 | D:1      | Reached XP level 3. HP: 17/33 MP: 4/6
   696 | D:1      | Learned a level 2 spell: Sticks to Snakes
  1213 | D:2      | Found an opulent altar of Gozag.
  1226 | D:2      | Reached skill level 4 in Unarmed Combat
  1465 | D:2      | Found a sparkling altar of Nemelex Xobeh.
  1618 | D:2      | Noticed Ijyb
  1633 | D:2      | Killed Ijyb
  1633 | D:2      | Reached XP level 4. HP: 27/41 MP: 1/8
  1726 | D:2      | Found a basalt altar of Yredelemnul.
  1727 | D:2      | Noticed a profane servitor
  1787 | D:2      | Found a glowing golden altar of the Shining One.
  1788 | D:2      | Noticed an angel
  2503 | D:3      | Found a snail-covered altar of Cheibriados.
  2579 | D:3      | Identified a wand of hasting {zapped: 1} (You found it on level 3 of the Dungeon)
  2908 | D:3      | Noticed Grinder
  2913 | D:3      | Paralysed by Grinder for 6 turns
  3623 | D:3      | HP: 4/41 [poisoned by an adder]
  3823 | D:3      | Paralysed by Grinder for 4 turns
  3830 | D:3      | Paralysed by Grinder for 6 turns
  3871 | D:3      | Gained mutation: You have sharp fingernails. [potion of mutation]
  3871 | D:3      | Gained mutation: You are agile. (Dex +2) [potion of mutation]
  3871 | D:3      | Gained mutation: You have a pair of small antennae on your head. [potion of mutation]
  3871 | D:3      | Paralysed by Grinder for 3 turns
  3935 | D:3      | Noticed Natasha
  4207 | D:4      | Reached skill level 5 in Unarmed Combat
  4438 | D:4      | Noticed RobertPalmer's ghost (average OgTm)
  4511 | D:4      | Noticed Edmund
  4517 | D:4      | Reached XP level 5. HP: 36/48 MP: 9/9
  4608 | D:4      | HP: 1/48 [giant gecko (4)]
  4610 | D:4      | Slain by a giant gecko

Vanquished Creatures
  Ijyb (D:2)
  2 adders
  A gnoll (D:3)
  2 oozes (D:1)
  An orc (D:3)
  10 bats
  5 goblins
  9 hobgoblins
  4 jackals (D:2)
  7 kobolds
  2 ball pythons (D:2)
  A giant cockroach (D:3)
  A giant gecko (D:2)
  6 giant newts
  7 rats
59 creatures vanquished.

Vanquished Creatures (collateral kills)
  An adder (D:2)
  A worm (D:3)
  A jackal (D:3)
3 creatures vanquished.

Grand Total: 62 creatures vanquished
